 Dungeon Crawl Stone Soup version 0.25.1-2-g60ff931df9 (webtiles) character file.

Game seed: 17781386620738158969

174 Luthien the Conjurer (level 5, 0/30 HPs)
             Began as a Deep Elf Conjurer on Aug 16, 2020.
             Killed from afar by Sigmund (9 damage)
             ... with a puff of flame
             ... on level 2 of the Dungeon.
             The game lasted 00:05:44 (1765 turns).

Luthien the Conjurer (Deep Elf Conjurer)            Turns: 1765, Time: 00:05:45

Health: 0/30       AC:  2    Str:  5    XL:     5   Next: 28%
Magic:  10/14      EV: 13    Int: 21    God:
Gold:   97         SH:  0    Dex: 15    Spells: 10/13 levels left

rFire    . . .     SeeInvis .   g - +0 short sword
rCold    . . .     Gourm    .   (no shield)
rNeg     . . .     Faith    .   a - +0 robe
rPois    .         Spirit   .   (no helmet)
rElec    .         Reflect  .   (no cloak)
rCorr    .         Harm     .   (no gloves)
MR       .....                  (no boots)
Stlth    +.........             p - amulet of inaccuracy (curse)
HPRegen  0.10/turn              (no ring)
MPRegen  0.14/turn              (no ring)

@: confused, very slightly contaminated
A: no striking features
a: no special abilities


You were on level 2 of the Dungeon.
You were not hungry.

You visited 1 branch of the dungeon, and saw 2 of its levels.

You collected 97 gold pieces.

Inventory:

Hand Weapons
 d - a +0 spear
 e - a +0 dagger
 g - a +0 short sword (weapon)
 k - a +0 dagger
Missiles
 h - 54 stones (quivered)
Armour
 a - a +0 robe (worn)
 l - a +0 tower shield
 o - a +0 kite shield
Jewellery
 p - a cursed amulet of inaccuracy (around neck)
Scrolls
 b - a scroll of teleportation {unknown}
 r - a scroll of fog {unknown}
Potions
 i - a potion of curing {unknown}
 j - 2 potions of cancellation {unknown}
 m - a potion of magic {unknown}
 n - 2 potions of might {unknown}
 q - a potion of haste {unknown}
Comestibles
 c - 3 rations


   Skills:
 + Level 1.8 Fighting
 - Level 3.0 Dodging
 - Level 3.0 Stealth
 + Level 4.8 Spellcasting
 + Level 5.4 Conjurations


You had 10 spell levels left.
You knew the following spells:

 Your Spells              Type           Power        Failure   Level  Hunger
a - Magic Dart            Conj           ####         1%          1    None
b - Searing Ray           Conj           ####..       1%          2    None

Your spell library contained the following spells:

 Spells                   Type           Power        Failure   Level  Hunger
 Dazzling Flash           Conj/Hex       ###...       11%         3    ##.....
 Fulminant Prism          Conj/Hex       ###.......   34%         4    ####...
 Iskenderun's Mystic Bla  Conj/Tloc      ###.....     34%         4    ####...


Dungeon Overview and Level Annotations

Branches:
Dungeon (2/15)

Altars:
Cheibriados

Annotations:
D:2 Sigmund


Message History

You are confused.
Sigmund whispers, "You'll know eternity soon."
Sigmund gestures at you while chanting. You resist with some effort.
You're too confused to cast spells.
Sigmund zaps a wand.
The puff of flame hits you!
You bump into the rock wall.
Sigmund zaps a wand.
The puff of flame hits you!
* * * LOW HITPOINT WARNING * * *
You bump into the rock wall.
Sigmund points at you and mumbles some strange words.
You are more confused.
You see here a +0 spear.
You bump into the rock wall.
Sigmund gestures wildly while chanting.
Sigmund flickers and vanishes!
Deactivating autopickup; reactivate with Ctrl-A.
You hear a zap.
A puff of flame appears from out of thin air!
The puff of flame hits you!
You die...

....###.#.###.#..#
#....#..#..#..#
#...#####...##..#
...# ## ##..##..#
## ... #...#..#
#..#.รท.##.#
#........#####..
##....#......<..
#....@).###.
#..$..##..{#
....#?..####.......
..###...# ###..).
.. #...# ... #...#
. #####


There were no monsters in sight!

Vanquished Creatures
  An ogre (D:2)
  A crimson imp (D:2)
  An adder (D:2)
  2 dart slugs
  2 leopard geckos (D:1)
  4 giant cockroaches
  4 goblins
  10 hobgoblins
  5 kobolds
  2 bats (D:1)
  3 frilled lizards (D:1)
  6 rats
41 creatures vanquished.

Notes
Turn   | Place    | Note
-------+----------+-------------------------------------------
     0 | D:1      | Luthien the Deep Elf Conjurer began the quest for the Orb.
     0 | D:1      | Reached XP level 1. HP: 10/10 MP: 6/6
    12 | D:1      | Noticed an electric eel
   199 | D:1      | Reached XP level 2. HP: 15/15 MP: 5/8
   770 | D:1      | Reached XP level 3. HP: 19/19 MP: 7/10
   774 | D:1      | Learned a level 2 spell: Searing Ray
  1364 | D:2      | Found a snail-covered altar of Cheibriados.
  1473 | D:2      | Noticed an ogre
  1497 | D:2      | Killed an ogre
  1497 | D:2      | Reached skill level 1 in Fighting
  1497 | D:2      | Reached skill level 5 in Conjurations
  1497 | D:2      | Reached XP level 4. HP: 19/25 MP: 2/12
  1497 | D:2      | Reached XP level 5. HP: 23/29 MP: 2/13
  1752 | D:2      | Noticed Sigmund
  1765 | D:2      | Killed from afar by Sigmund

Illustrated notes

Levels and vault maps discovered:
D:1:      arrival_aquarium_a, layout_basic, hex_intersection
D:2:      wander_river, layout_rooms, grunt_temple_overflow_order_and_chaos_2,
          kennysheep_slug_shrine, uniq_sigmund

Skill      XL: |  1  2  3 |
---------------+----------+-----
Stealth        | 3 |  3.0
Dodging        | 3 |  3.0
Fighting       | 1 |  1.8
Spellcasting   | 4 |  4.8
Conjurations   | 5 |  5.4

Action                   |  1- 3 |  4- 6 || total
-------------------------+-------+-------++-------
Melee: Short sword       |       |     5 ||     5
 Cast: Magic Dart        |    65 |    16 ||    81
       Searing Ray       |     2 |     1 ||     3
  Eat: Chunk             |     2 |       ||     2
Armor: Robe              |     2 |     1 ||     3
Dodge: Dodged            |     3 |     5 ||     8
